[Event "Late-Titled-Tuesday-Blitz-September-12-2023"]
[Site "Chess.com"]
[Date "2023.09.12"]
[Round "4"]
[White "Ducke13"]
[Black "Rutricks"]
[Result "0-1"]
[WhiteElo "2508"]
[BlackElo "2689"]
[TimeControl "180+1"]
[EndTime "14:36:38 PDT"]
[Termination "Rutricks won on time"]

1. d4 g6 2. g3 Bg7 3. Bg2 d6 4. e4 Nd7 5. Ne2 e5 6. c3 h5 7.
h3 c6 8. a4 Qe7 9. Be3 Ngf6 10. a5 exd4 11. Qxd4 O-O 12. Nd2 Nc5 13. e5 Qxe5 14.
Qxe5 Nd3+ 15. Kf1 Nxe5 16. a6 Nd5 17. Bd4 b6 18. Ne4 Rd8 19. Kg1 Rb8 20. Kh2 c5 21. Bxe5 Bxe5 22. Rhd1 Nc7 23. f4 Bg7 24. Nxd6 Bxa6 25. Ng1 h4 26. g4 Bh6 27. g5 Bf8 28.
Nf3 Bxd6 29. Nxh4 Bxf4+ 30. Kh1 Bxg5 31. Nf3 Rxd1+ 32. Rxd1 Rd8 33. Ra1 Bf6 34. Nh2 Rd2 35. Ng4 Kg7 36. Rf1 Bxf1 37. Bxf1 Rxb2 38. c4 a5 39. h4 a4 40. h5 gxh5 41. Ne3 a3 42. Nf5+ Kf8 43. Ne3 a2 0-1

[Event "Late-Titled-Tuesday-Blitz-September-12-2023"]
[Site "Chess.com"]
[Date "2023.09.12"]
[Round "4"]
[White "lluiss"]
[Black "PapaieDudu"]
[Result "0-1"]
[WhiteElo "2164"]
[BlackElo "2294"]
[TimeControl "180+1"]
[EndTime "14:36:38 PDT"]
[Termination "PapaieDudu won by resignation"]

1. Nf3 d5 2. d4 Nf6 3. c4 e6 4.
cxd5 exd5 5. Nc3 c6 6. Qc2 Be7 7. Bg5 O-O 8. e3 Nbd7 9. Bd3 h6 10.
Bh4 Re8 11. h3 Ne4 12. Bxe7 Qxe7 13. Bxe4 dxe4 14. Nd2 f5 15. O-O-O b5 16. Kb1 a5 17. Ne2 c5 18. g4 c4 19. gxf5 Nf6 20. Ng3 Bb7 21.
Rhe1 Bd5 22. f3 exf3 23. e4 f2 24. Re2 b4 25. exd5 Qxe2 26. Nxe2 Rxe2 27. Qc1 Rae8 28. Nf3 c3 29. bxc3 Nxd5 30. cxb4 Rb8 31. a3 axb4 32. a4 Nc3+ 0-1

[Event "Late-Titled-Tuesday-Blitz-September-12-2023"]
[Site "Chess.com"]
[Date "2023.09.12"]
[Round "4"]
[White "FuenfgegenWilly"]
[Black "hellokostya"]
[Result "1/2-1/2"]
[WhiteElo "2386"]
[BlackElo "2590"]
[TimeControl "180+1"]
[EndTime "14:36:39 PDT"]
[Termination "Game drawn by agreement"]

1. Nf3 Nf6 2. g3 g6 3. Bg2 Bg7 4. O-O O-O 5. c4 d6 6. d4 Nc6 7. Nc3 e5 8. dxe5 dxe5 9. Bg5 Be6 10. Nd5 Bxd5 11. Bxf6 Qxf6 12. cxd5 Ne7 13. Qb3 Qb6 14.
Rac1 Qxb3 15. axb3 Nxd5 16. Nxe5 Bxe5 17. Bxd5 c6 18.
Bf3 Bxb2 19. Rc4 Bf6 20. h4 Rfd8 21. Kg2 h5 22. g4 hxg4 23. Rxg4 Rd4 24. Rxd4 Bxd4 25.
Rd1 Bf6 26. Rd7 Rb8 27. h5 Kg7 28. Bg4 Kf8 29. hxg6 fxg6 30. f4 a5 31. Rc7 Bd8 32.
Rc8 Rxc8 33. Bxc8 b5 34. Bd7 a4 35. bxa4 bxa4 36. Bxc6 a3 37. Bd5 Bc7 38. Kf3 Ke7 39. e4 Kd6 40. Kg4 Kc5 41. Kg5 Kd4 42. Kxg6 Bxf4 43.
Kf5 1/2-1/2

[Event "Late-Titled-Tuesday-Blitz-September-12-2023"]
[Site "Chess.com"]
[Date "2023.09.12"]
[Round "4"]
[White "Chessdemon2019"]
[Black "Nekoo04"]
[Result "0-1"]
[WhiteElo "2397"]
[BlackElo "2267"]
[TimeControl "180+1"]
[EndTime "14:36:39 PDT"]
[Termination "Nekoo04 won by resignation"]

1. e4 c5 2. Nf3 d6 3. d4 cxd4 4. Nxd4 Nf6 5. f3 e5 6. Nb3 d5 7. Bg5 Be6 8. Bxf6 gxf6 9. exd5 Qxd5 10. Qxd5 Bxd5 11. Nc3 Be6 12. Bb5+ Nd7 13. O-O-O O-O-O 14. Ne4 Bh6+ 15. Kb1 f5 16. Nd6+ Kc7 17. Bxd7 Rxd7 18.
Nb5+ Kb6 19. Rxd7 Bxd7 20. Nd6 Be6 21. c4 Rd8 22. c5+ Kc7 23. Re1 Bg7 24. Rc1 a6 25. Nc4 Bh6 26. Rc2 Rd1+ 27. Nc1 Rxc1+ 28. Rxc1 Bxc1 29.
Nxe5 Bf4 30. Nd3 Bxh2 31. f4 Bc4 32. Ne5 Bd5 33. Nd3 Be4 34. Kc2 Bxf4 35. Kc3 Bxd3 36. Kxd3 Be5 37. b4 Kc6 38. Kc4 h5 39. a4 b5+ 40. cxb6 Kxb6 41. Kd5 Bc3 42. b5 axb5 43. axb5 Kxb5 44. Kd6 f4 45. Kd5 f3 46. gxf3 h4 47.
Ke4 h3 0-1

[Event "Late-Titled-Tuesday-Blitz-September-12-2023"]
[Site "Chess.com"]
[Date "2023.09.12"]
[Round "4"]
[White "DanielNaroditsky"]
[Black "Fandorine"]
[Result "1-0"]
[WhiteElo "3086"]
[BlackElo "2900"]
[TimeControl "180+1"]
[EndTime "14:36:41 PDT"]
[Termination "DanielNaroditsky won by resignation"]

1. e4 e5 2. Nf3 Nc6 3. Nc3 Nf6 4. g3 Bc5 5. Bg2 O-O 6. d3 a5 7. O-O d6 8. h3 a4 9. a3 h6 10. Be3 Nd4 11. Bxd4 Bxd4 12. Nxd4 exd4 13. Ne2 c5 14. Qd2 Qb6 15. g4 Re8 16. f4 c4 17. Kh1 cxd3 18.
cxd3 Ra5 19. Nxd4 Bxg4 20. hxg4 Nxg4 21. Nf5 Rxf5 22. exf5 Qd8 23. Rf3 Qh4+ 24. Kg1 d5 25. Rh3 Qf6 26. d4 Qxf5 27. Re1 Rxe1+ 28. Qxe1 Qxf4 29. Qc3 g6 30. Rf3 Qh2+ 31. Kf1 Qd6 32. Qc8+ 1-0

[Event "Late-Titled-Tuesday-Blitz-September-12-2023"]
[Site "Chess.com"]
[Date "2023.09.12"]
[Round "4"]
[White "Mikhal867"]
[Black "stolencandy13"]
[Result "1-0"]
[WhiteElo "2450"]
[BlackElo "2604"]
[TimeControl "180+1"]
[EndTime "14:36:41 PDT"]
[Termination "Mikhal867 won by checkmate"]

1. d4 Nf6 2. c4 c5 3. Nf3 cxd4 4. Nxd4 e5 5. Nb5 d5 6. cxd5 Bc5 7. e3 O-O 8. a4 a6 9. N5c3 e4 10. Be2 Re8 11. Na3 Nbd7 12. Nc4 Rb8 13. O-O b5 14. axb5 axb5 15. Na5 Ne5 16. Nc6 Nxc6 17. dxc6 b4 18. Qxd8 Rxd8 19. c7 Be6 20. Na4 Bd6 21. cxd8=Q+ Rxd8 22. Rd1 Bc4 23. Bxc4 Bxh2+ 24. Kxh2 Rxd1 25.
b3 Ng4+ 26. Kg3 h5 27. Be2 Rh1 28. Bxg4 g5 29. f3 hxg4 30. fxg4 Re1 31. Nc5 Kg7 32. Nxe4 Kg6 33. Ra6+ f6 34. Rxf6+ Kg7 35. Bb2 Kh7 36. Nxg5+ Kg8 37. Bd4 Rc1 38. Ne6 Rc6 39. g5 Kh7 40.
g6+ Kh6 41. g7+ Kh7 42. Ng5+ Kg8 43. Rf8# 1-0

[Event "Late-Titled-Tuesday-Blitz-September-12-2023"]
[Site "Chess.com"]
[Date "2023.09.12"]
[Round "4"]
[White "Vaibhavraut99"]
[Black "kaponerde"]
[Result "1-0"]
[WhiteElo "2574"]
[BlackElo "2270"]
[TimeControl "180+1"]
[EndTime "14:36:44 PDT"]
[Termination "Vaibhavraut99 won on time"]

1. e4 c5 2. Nf3 g6 3. d4 cxd4 4. Qxd4 Nf6 5. Nc3 Nc6 6. Qa4 d6 7. e5 dxe5 8. Nxe5 Bd7 9. Nxd7 Qxd7 10. Be3 Bg7 11. Rd1 Qc7 12. Nb5 Qc8 13. Nxa7 Qe6 14. Nxc6 O-O 15. Na7 Nd5 16. Bc4 Rfd8 17. O-O Qe4 18. Qb3 Nxe3 19. Rxd8+ Rxd8 20. fxe3 Rd2 21. Rf3 Rd1+ 22. Bf1 e6 23. Nb5 Qh4 24. Nc3 Re1 25. Qxb7 f5 26. Qc8+ Kf7 27. Qd7+ Kf8 28. Qxe6 Bh6 29.
Nd5 Bg5 30. Qd6+ Kg7 31. Qe5+ Kh6 32. Qg3 Qxg3 33. Rxg3 Rc1 34. Nf4 Rxc2 35. Rh3+ 1-0

[Event "Late-Titled-Tuesday-Blitz-September-12-2023"]
[Site "Chess.com"]
[Date "2023.09.12"]
[Round "4"]
[White "enestnrvrd"]
[Black "Defend1r"]
[Result "1-0"]
[WhiteElo "2730"]
[BlackElo "2520"]
[TimeControl "180+1"]
[EndTime "14:36:46 PDT"]
[Termination "enestnrvrd won by checkmate"]

1. e4 c5 2. Nf3 d6 3. d4 cxd4 4. Nxd4 Nf6 5. Nc3 a6 6. Bd3 e5 7. Nde2 g6 8. O-O Bg7 9. f4 b5 10. f5 Bb7 11. Ng3 Nbd7 12. Be3 Qc7 13. Kh1 Nc5 14.
Bxb5+ axb5 15. Nxb5 Qc6 16. Nxd6+ Ke7 17. b4 Ncxe4 18.
Ngxe4 Nxe4 19. Nxb7 Qxb7 20. Qf3 f6 21. Rad1 Rab8 22.
a3 Rhc8 23. Qg4 Kf7 24. fxg6+ hxg6 25. Rd7+ Qxd7 26. Qxd7+ Kg8 27. Qd5+ Kh7 28. Qxe4 Rc3 29. Rf3 Rd8 30. h3 Rd1+ 31. Kh2 Rxa3 32. Bc5 Raa1 33. Rd3 Rh1+ 34. Kg3 f5 35. Qh4+ Kg8 36. Rd8+ Bf8 37. Rxf8+ Kg7 38. Qh8# 1-0

[Event "Late-Titled-Tuesday-Blitz-September-12-2023"]
[Site "Chess.com"]
[Date "2023.09.12"]
[Round "4"]
[White "KorolDimitriy75"]
[Black "Alexei_Gubajdullin"]
[Result "0-1"]
[WhiteElo "2378"]
[BlackElo "2596"]
[TimeControl "180+1"]
[EndTime "14:36:46 PDT"]
[Termination "Alexei_Gubajdullin won on time"]

1. d4 Nf6 2. c4 g6 3. Nc3 Bg7 4. e4 d6 5. Nf3 O-O 6. Be2 Na6 7.
O-O e5 8. Re1 c6 9. Rb1 Qb6 10.
Na4 Qa5 11. Nc3 Bg4 12. Be3 Bxf3 13. Bxf3 exd4 14. Bxd4 Rfe8 15. Qd2 Qb4 16. Rbc1 Nd7 17. Bxg7 Kxg7 18. b3 Ne5 19. Be2 f6 20. Red1 Nf7 21.
f3 Re5 22. Bf1 Rae8 23. Qf2 Qc5 24. Qxc5 Nxc5 25. Rd2 a5 26. Rcd1 f5 27. exf5 Rxf5 28. Bd3 Rfe5 29. Ne4 g5 30. Nxc5 Rxc5 31. Kf2 Rce5 32.
Bc2 h6 33. Kg3 Kf6 34. h3 Re1 35. Be4 Rxd1 36. Rxd1 Re5 37. h4 Ke7 38. Bg6 Nd8 39. Be4 Ne6 40. hxg5 Rxg5+ 41. Kf2 h5 42. g3 Nc5 43. Bc2 b5 44. f4 Rg8 45. cxb5 cxb5 46. Kf3 Rh8 47. Rh1 d5 48. Bg6 Kf6 49. Bxh5 Ne4 50.
g4 Rh6 0-1

[Event "Late-Titled-Tuesday-Blitz-September-12-2023"]
[Site "Chess.com"]
[Date "2023.09.12"]
[Round "4"]
[White "PawnEatingZombie"]
[Black "cukus"]
[Result "0-1"]
[WhiteElo "2204"]
[BlackElo "2426"]
[TimeControl "180+1"]
[EndTime "14:36:47 PDT"]
[Termination "cukus won on time"]

1. e4 e5 2. Nf3 Nc6 3. d4 exd4 4.
Nxd4 Bc5 5. Nb3 Bb6 6. Nc3 d6 7. Qe2 Nge7 8. Bg5 h6 9. Bh4 Be6 10. O-O-O Qd7 11. f4 O-O-O 12. h3 g5 13. fxg5 Ng6 14.
Bg3 hxg5 15. Qd2 g4 16. Bb5 a6 17. Ba4 gxh3 18. Nd5 Ba7 19. Bxc6 Qxc6 20. gxh3 Bxh3 21. Nd4 Qa4 22. Qc3 c6 23. b3 Qa3+ 24. Kb1 Kb8 25. Nxc6+ bxc6 26. Qxc6 Qc5 27. Qxc5 Bxc5 28. b4 Ba7 29. c4 Ne5 30. c5 Bg2 31. Rxh8 Bxe4+ 32. Kb2 Rxh8 33. cxd6 Nd3+ 34. Kb3 Bxd5+ 0-1

[Event "Late-Titled-Tuesday-Blitz-September-12-2023"]
[Site "Chess.com"]
[Date "2023.09.12"]
[Round "4"]
[White "VitorBronson"]
[Black "AungTZ"]
[Result "0-1"]
[WhiteElo "2552"]
[BlackElo "2092"]
[TimeControl "180+1"]
[EndTime "14:36:50 PDT"]
[Termination "AungTZ won by checkmate"]

1. Nf3 d5 2. g3 Nf6 3. Bg2 e6 4. O-O c5 5. c4 Be7 6. cxd5 Nxd5 7. Nc3 O-O 8. Nxd5 Qxd5 9. d4 Rd8 10. Be3 Qh5 11. Qb3 Nc6 12. dxc5 e5 13. Rfd1 e4 14.
Rxd8+ Nxd8 15. Nd4 Bxc5 16. Bxe4 Bxd4 17. Bxd4 Qxe2 18.
Bf3 Qe6 19. Bd5 Qg6 20. Qa4 Nc6 21. Bc3 Bh3 22. Re1 h6 23. Qb5 Rd8 24. Be4 Qe6 25.
Qe2 Nd4 26. Bxd4 Rxd4 27. Bg2 Qxe2 28. Ra1 Rd1+ 29. Rxd1 Qxd1+ 30. Bf1 Qxf1# 0-1

[Event "Late-Titled-Tuesday-Blitz-September-12-2023"]
[Site "Chess.com"]
[Date "2023.09.12"]
[Round "4"]
[White "The_Straightforward_Rook"]
[Black "Mops_2004"]
[Result "1-0"]
[WhiteElo "2536"]
[BlackElo "2708"]
[TimeControl "180+1"]
[EndTime "14:36:52 PDT"]
[Termination "The_Straightforward_Rook won by resignation"]

1. d4 g6 2. e4 Bg7 3. Nf3 d6 4.
Bd3 Nc6 5. c3 e5 6. h3 Nf6 7.
O-O O-O 8. Re1 h6 9. Bc2 a5 10.
a4 Re8 11. Nbd2 exd4 12. cxd4 Nb4 13. Bb1 b6 14. Ra3 Bb7 15. Rae3 c5 16. d5 Ba6 17. Nf1 Nd7 18. Ng3 b5 19. axb5 Bxb5 20. h4 h5 21.
Ng5 Ne5 22. Nxh5 gxh5 23. Qxh5 Qf6 24. Rg3 Qh6 25. Qxh6 Bxh6 26. Ne6+ Kh7 27. Nc7 Bxc1 28. Rxc1 Ned3 29. Rd1 Nxb2 30. e5+ Kh6 31. Nxe8 Nxd1 32. Nxd6 Bd3 33. Nxf7+ Kh5 34. Rg5+ Kxh4 35. Kh2 1-0

[Event "Late-Titled-Tuesday-Blitz-September-12-2023"]
[Site "Chess.com"]
[Date "2023.09.12"]
[Round "4"]
[White "Polish_fighter3000"]
[Black "HalfIsCrayfish"]
[Result "1-0"]
[WhiteElo "3075"]
[BlackElo "2557"]
[TimeControl "180+1"]
[EndTime "14:36:53 PDT"]
[Termination "Polish_fighter3000 won by checkmate"]

1. b4 e6 2. Bb2 Nf6 3. a3 d5 4. e3 b6 5. c4 c5 6. b5 Bb7 7. Nf3 Be7 8. a4 O-O 9. Be2 a5 10. O-O Nbd7 11. Qc2 h6 12. Rd1 Qc7 13. Na3 Rad8 14. Rac1 Rfe8 15. d4 cxd4 16. Nxd4 Nc5 17.
Nc6 Bxc6 18. bxc6 Qxc6 19. cxd5 Qxa4 20. dxe6 Qxc2 21. exf7+ Kxf7 22. Nxc2 Rxd1+ 23. Rxd1 Rd8 24. Bc4+ Kf8 25. Nd4 Rc8 26. Ba1 a4 27. g3 a3 28.
Kg2 Nfe4 29. Bd5 Nf6 30. Ba2 Rb8 31. Nf5 b5 32. Be5 Rc8 33. Rb1 Ncd7 34. Rxb5 Nxe5 35. Rxe5 Rc2 36. Rxe7 Rxa2 37. Ra7 Ne4 38. Kf3 Ng5+ 39. Kg4 Ne4 40. f3 Nc3 41. Nxg7 Ra1 42. Kf5 a2 43.
Kf6 Nd5+ 44. Kg6 Nc3 45. Rf7+ Kg8 46. Re7 Nd5 47. Re8# 1-0

[Event "Late-Titled-Tuesday-Blitz-September-12-2023"]
[Site "Chess.com"]
[Date "2023.09.12"]
[Round "4"]
[White "AndreiITrifan"]
[Black "Zhigalko_Sergei"]
[Result "0-1"]
[WhiteElo "2646"]
[BlackElo "2877"]
[TimeControl "180+1"]
[EndTime "14:36:55 PDT"]
[Termination "Zhigalko_Sergei won by checkmate"]

1. Nf3 d5 2. e3 Nf6 3. c4 e6 4. b3 Bd6 5. Bb2 O-O 6. Nc3 b6 7. cxd5 exd5 8. d4 Bb7 9. Bd3 Nbd7 10. O-O a6 11. a3 Re8 12. Qc2 Ne4 13. Rfd1 Qe7 14. b4 Rad8 15. Rac1 Qf6 16. Ne2 g6 17. Ng3 Re7 18. Rf1 h5 19. Bxe4 dxe4 20. Nd2 Rde8 21.
d5 Qh4 22. Ndxe4 Rxe4 23. f4 Rxe3 24. f5 Bxg3 25. hxg3 Qxg3 26. fxg6 fxg6 27. Bd4 Re2 28. Bf2 Rxc2 29. Bxg3 Rxc1 30. Rxc1 Bxd5 31. Rxc7 Nf6 32. Bh4 Ng4 33. Rc1 Rf8 34. Rd1 Bc4 35. Be7 Rf7 36.
Bd8 b5 37. Bb6 g5 38. Rd8+ Kh7 39. Bd4 Rf1# 0-1

[Event "Late-Titled-Tuesday-Blitz-September-12-2023"]
[Site "Chess.com"]
[Date "2023.09.12"]
[Round "4"]
[White "mbojan"]
[Black "Djager97"]
[Result "1-0"]
[WhiteElo "2781"]
[BlackElo "2532"]
[TimeControl "180+1"]
[EndTime "14:36:57 PDT"]
[Termination "mbojan won by resignation"]

1. a3 d5 2. e3 e5 3. d4 exd4 4. exd4 Nf6 5. Bd3 Bd6 6. Ne2 Bg4 7. f3 Bh5 8. Nbc3 O-O 9. Bf4 Bg6 10. O-O c6 11. Bxg6 hxg6 12. Qd2 Na6 13. Rae1 Nc7 14. Bxd6 Qxd6 15. Qf4 Qxf4 16. Nxf4 Rfe8 17. Kf2 a5 18. Na4 Kf8 19. g4 Nd7 20. Nc3 b5 21.
Rxe8+ Rxe8 22. Nd3 Ne6 23. Ne2 g5 24. Ra1 f6 25. a4 b4 26. Rc1 Ke7 27. Rh1 Kd6 28. h4 gxh4 29. Rxh4 b3 30. cxb3 Rb8 31. Ndc1 c5 32.
Ke3 cxd4+ 33. Nxd4 Nxd4 34. Kxd4 Rb4+ 35. Kc3 Rf4 36. Rh7 Rxf3+ 37. Kc2 g5 38. Ne2 Nc5 39. Nd4 Rg3 40. Nf5+ 1-0

[Event "Late-Titled-Tuesday-Blitz-September-12-2023"]
[Site "Chess.com"]
[Date "2023.09.12"]
[Round "4"]
[White "atigerman"]
[Black "jaskol95"]
[Result "0-1"]
[WhiteElo "2684"]
[BlackElo "2532"]
[TimeControl "180+1"]
[EndTime "14:36:57 PDT"]
[Termination "jaskol95 won on time"]

1. e4 d5 2. exd5 Nf6 3. Nf3 Bg4 4. Nc3 Nxd5 5. Bc4 Nxc3 6. bxc3 e6 7. h3 Bh5 8. Rb1 b6 9. g4 Bg6 10. d3 Nd7 11. Bb5 Bd6 12. Bg5 f6 13. Be3 O-O 14.
h4 Ne5 15. h5 Be8 16. Nxe5 Bxe5 17. d4 Bxb5 18. Rxb5 Bd6 19. Qf3 Qd7 20. c4 c6 21.
Rb3 f5 22. g5 f4 23. Bd2 e5 24. dxe5 Rae8 25. Rd3 Rxe5+ 26. Kd1 Qc7 27. h6 g6 28. Bc3 Rxg5 29. Re1 Be5 30. Qh3 Bxc3 31. Rd7 Re5 32. Rg1 Rd8 33. Rxd8+ Qxd8+ 34. Kc1 Qd2+ 35. Kb1 Qe1+ 0-1

[Event "Late-Titled-Tuesday-Blitz-September-12-2023"]
[Site "Chess.com"]
[Date "2023.09.12"]
[Round "4"]
[White "kreonx"]
[Black "ferdipy"]
[Result "1-0"]
[WhiteElo "2462"]
[BlackElo "2264"]
[TimeControl "180+1"]
[EndTime "14:36:58 PDT"]
[Termination "kreonx won by resignation"]

1. e4 e6 2. d4 d5 3. Nd2 Nf6 4. Bd3 Be7 5. Ngf3 a6 6. c4 c5 7. e5 Nfd7 8. cxd5 exd5 9. O-O cxd4 10. Nb3 Nc6 11. Re1 Qb6 12. Bf5 O-O 13. Bxd7 Bxd7 14. Nfxd4 Nxd4 15. Qxd4 Qxd4 16. Nxd4 Rac8 17. Be3 Rfe8 18.
Rac1 Bb4 19. Rxc8 Rxc8 20. Rd1 Ba4 21. b3 Bd7 22. f4 g6 23. Kf2 Bc5 24. Nf3 Bb4 25.
Rxd5 Be6 26. Rd4 Rc2+ 27. Kg3 Be7 28. Rd2 Rc3 29. Kf2 h5 30. Bd4 Rc1 31. Be3 Rc3 32. Nd4 Bd5 33. Ne2 Rxe3 34. Kxe3 Bc5+ 35. Nd4 Kf8 36.
Kd3 Ke7 37. Rc2 b6 38. b4 Bxb4 39. Nc6+ Bxc6 40. Rxc6 Bc5 41. Rc7+ Ke6 42. Ke4 a5 43. g3 Bg1 44. h3 Bf2 45. g4 hxg4 46. hxg4 f5+ 47.
exf6 Kxf6 48. a4 Bc5 49. Rc6+ Kf7 50. Rxc5 bxc5 51. Kd5 g5 52. f5 1-0

[Event "Late-Titled-Tuesday-Blitz-September-12-2023"]
[Site "Chess.com"]
[Date "2023.09.12"]
[Round "4"]
[White "leoduarte"]
[Black "Alex_Banzea"]
[Result "0-1"]
[WhiteElo "2458"]
[BlackElo "2644"]
[TimeControl "180+1"]
[EndTime "14:36:59 PDT"]
[Termination "Alex_Banzea won by checkmate"]

1. d4 d5 2. c4 e6 3. Nf3 Nf6 4. g3 Be7 5. Bg2 O-O 6. O-O dxc4 7. Qc2 a6 8. a4 Bd7 9. Qxc4 Bc6 10. Bf4 Nbd7 11.
Nc3 Bd6 12. Bg5 h6 13. Bf4 Bxf4 14. gxf4 Bd5 15. Qd3 b6 16. e4 Bb7 17. Rfd1 Nh5 18. Qe3 Qf6 19. Ne2 c5 20. dxc5 Nxc5 21. Ne5 a5 22.
Bf3 Qh4 23. Kh1 Ba6 24. Bxh5 Qxh5 25. Ng3 Qh3 26. Rd6 Bb7 27. f3 f5 28. exf5 exf5 29.
Rxb6 Rac8 30. Rxb7 Nxb7 31. Qb3+ Kh7 32. Qxb7 Rc2 33.
Nf1 Qg2# 0-1

[Event "Late-Titled-Tuesday-Blitz-September-12-2023"]
[Site "Chess.com"]
[Date "2023.09.12"]
[Round "4"]
[White "Langua_Chess"]
[Black "RCone"]
[Result "1-0"]
[WhiteElo "2486"]
[BlackElo "2334"]
[TimeControl "180+1"]
[EndTime "14:37:01 PDT"]
[Termination "Langua_Chess won on time"]

1. d4 d6 2. e4 Nf6 3. Nc3 g6 4. Bc4 Bg7 5. Nf3 O-O 6. O-O Bg4 7. h3 Bxf3 8. Qxf3 Nc6 9. Be3 e5 10. d5 Ne7 11. b4 Ne8 12. Bb3 f5 13. Bg5 Bf6 14.
Bxf6 Nxf6 15. exf5 Nxf5 16. Ne2 Nh5 17. Qd3 Qg5 18.
Qe4 Qf4 19. Nxf4 Nxf4 20. Kh2 Nd4 21. Rad1 b5 22. Rxd4 exd4 23. Qxd4 Rae8 24. Qxa7 Re7 25. Qb7 Rf5 26. Qxb5 Rg5 27. Qb8+ Kg7 28. g3 Ne2 29. Re1 Rf5 30. f4 Rf8 31. Qa7 Rfe8 32. Qf2 Nd4 33. Qxd4+ 1-0

[Event "Late-Titled-Tuesday-Blitz-September-12-2023"]
[Site "Chess.com"]
[Date "2023.09.12"]
[Round "4"]
[White "Roedor"]
[Black "EnvigadoCity"]
[Result "0-1"]
[WhiteElo "2399"]
[BlackElo "2113"]
[TimeControl "180+1"]
[EndTime "14:37:02 PDT"]
[Termination "EnvigadoCity won on time"]

1. d4 d5 2. c4 e6 3. Nf3 Nf6 4. g3 dxc4 5. Bg2 Bb4+ 6. Bd2 a5 7. O-O c6 8. Qc2 Bxd2 9. Nbxd2 b5 10. a4 Ra7 11.
Rfd1 O-O 12. Ne5 Nd5 13. Ne4 f6 14. Nf3 Nd7 15. Bh3 Qe7 16. Qd2 f5 17. Nc3 b4 18. Nb1 c5 19. Qe1 g5 20. Bg2 Bb7 21. h4 h6 22. Nbd2 c3 23. Nc4 cxb2 24. Nxb2 Nc3 25.
hxg5 hxg5 26. Rd3 Be4 27. Re3 Nd5 28. Rxe4 fxe4 29. Ne5 Nxe5 30. dxe5 e3 31. f3 Qc7 32. Nc4 Rf5 33. Bh3 Rxe5 34. Qb1 Rf5 35. Bxf5 Qxg3+ 36.
Kh1 exf5 37. Qxf5 Rh7+ 38. Qxh7+ Kxh7 39. Nxe3 Nxe3 0-1

[Event "Late-Titled-Tuesday-Blitz-September-12-2023"]
[Site "Chess.com"]
[Date "2023.09.12"]
[Round "4"]
[White "LevonAronian"]
[Black "GMKrikor"]
[Result "1-0"]
[WhiteElo "3072"]
[BlackElo "2880"]
[TimeControl "180+1"]
[EndTime "14:37:03 PDT"]
[Termination "LevonAronian won by resignation"]

1. e4 e6 2. d3 d5 3. Nd2 Nc6 4. Ngf3 e5 5. c3 a5 6. Qa4 dxe4 7. dxe4 Bd6 8. Nc4 Nf6 9. Ncxe5 O-O 10. Nxc6 Qe8 11.
Bb5 Nxe4 12. Nce5 c6 13. Qxe4 cxb5 14. O-O f6 15. Qd5+ Qe6 16. Qxe6+ Bxe6 17. Nd3 Bc4 18. Rd1 Rad8 19. Nd4 Rfe8 20. Be3 a4 21. a3 Bb8 22. g3 h5 23. Nf4 h4 24. gxh4 Kf7 25. Ng2 Re4 26. Nf5 Ree8 27. Rxd8 Rxd8 28. Re1 Be6 29. Nd4 Bc4 30. h5 Bd6 31. Nf5 Bf8 32. Bd4 Be6 33. Ng3 Rd5 34. Rxe6 Rxd4 35. cxd4 Kxe6 36. Nf4+ Kf7 37.
Nd3 Ke6 38. Nb4 Bd6 39. Kf1 f5 40. Ke2 Be7 41. f4 1-0

[Event "Late-Titled-Tuesday-Blitz-September-12-2023"]
[Site "Chess.com"]
[Date "2023.09.12"]
[Round "4"]
[White "DuleMudule"]
[Black "SergioMoralesG"]
[Result "1-0"]
[WhiteElo "2764"]
[BlackElo "2406"]
[TimeControl "180+1"]
[EndTime "14:37:05 PDT"]
[Termination "DuleMudule won by checkmate"]

1. d4 d5 2. Bg5 h6 3. Bh4 c6 4. e3 Qb6 5. Qc1 Bf5 6. Nf3 Nd7 7. Be2 e6 8. O-O Be7 9. Bxe7 Nxe7 10. c4 c5 11. Nc3 dxc4 12. Na4 Qa5 13. Qxc4 Rc8 14. Nxc5 Nxc5 15. b4 Qa3 16. bxc5 O-O 17. Qb3 Qxb3 18. axb3 a6 19. Ne5 f6 20. Nc4 e5 21. Nd6 Rc7 22. Bc4+ Kh8 23. Rfd1 Bd7 24. b4 Kh7 25. d5 f5 26. e4 f4 27. Be2 Ng6 28. g3 f3 29.
Bf1 Nh8 30. Nc4 Nf7 31. d6 Rcc8 32. Nb6 Rcd8 33. Nxd7 Rxd7 34. Bh3 Rdd8 35. Be6 Ng5 36. Bd5 Rd7 37. h4 Nh3+ 38. Kf1 g5 39. h5 g4 40. Be6 Rg7 41. d7 Rd8 42. Bf5+ Kh8 43. Rd6 Ng5 44. Rxh6+ Kg8 45. Rb6 Rgxd7 46. Bxd7 Rxd7 47.
Rd6 Re7 48. Rg6+ Rg7 49. Rxg7+ Kxg7 50. Rd1 Nxe4 51. Rd7+ Kh6 52. Rxb7 Nc3 53. c6 e4 54.
c7 e3 55. c8=Q e2+ 56. Ke1 Nd5 57. Qe6+ Kxh5 58. Qxd5+ Kg6 59. Rb6+ Kg7 60. Qd7+ Kf8 61. Rb8# 1-0

[Event "Late-Titled-Tuesday-Blitz-September-12-2023"]
[Site "Chess.com"]
[Date "2023.09.12"]
[Round "4"]
[White "Truequitos"]
[Black "chessdjw"]
[Result "0-1"]
[WhiteElo "2437"]
[BlackElo "2737"]
[TimeControl "180+1"]
[EndTime "14:37:06 PDT"]
[Termination "chessdjw won by resignation"]

1. e4 e5 2. Nf3 Nc6 3. d4 exd4 4. Bc4 Nf6 5. e5 d5 6. Bb5 Ne4 7. O-O Bd7 8. Bxc6 bxc6 9. Nxd4 Bc5 10. Be3 O-O 11.
Nd2 Bb6 12. Nxe4 dxe4 13. Qe2 Qe7 14. f4 exf3 15. Nxf3 Bg4 16. Bxb6 axb6 17. Qe4 Bxf3 18. Rxf3 Ra5 19. Re3 Qe6 20. a3 Re8 21. Rae1 h6 22. h3 Rd5 23. Qf4 c5 24. Re4 Re7 25. c4 Rd3 26.
Rf1 Red7 27. Re3 Rxe3 28. Qxe3 Qxc4 29. Rf2 Rd3 30. Qe2 Qd4 31. Kh2 c4 32. e6 Qd6+ 33.
Kg1 Rd1+ 34. Rf1 Rxf1+ 35. Kxf1 Qxe6 36. Qf3 g6 37. h4 Kg7 38. h5 Qf6 0-1

[Event "Late-Titled-Tuesday-Blitz-September-12-2023"]
[Site "Chess.com"]
[Date "2023.09.12"]
[Round "4"]
[White "karinachess1"]
[Black "IMGC"]
[Result "1-0"]
[WhiteElo "2619"]
[BlackElo "2423"]
[TimeControl "180+1"]
[EndTime "14:37:07 PDT"]
[Termination "karinachess1 won on time"]

1. d4 Nf6 2. c4 c5 3. d5 b5 4. cxb5 a6 5. b6 e6 6. Nc3 Bb7 7. e4 exd5 8. exd5 d6 9. Nf3 Nbd7 10.
Bc4 Nxb6 11. Qd3 Be7 12. O-O O-O 13. b3 Nfd7 14. Bb2 Bf6 15. Rfe1 Ne5 16. Nxe5 Bxe5 17.
g3 f5 18. f4 Bd4+ 19. Kg2 Qf6 20. Re2 Qf7 21. Qf3 Bxc3 22. Bxc3 Nxd5 23. Kg1 Kh8 24. Qd3 Nxf4 25. Bxf7 Nxd3 26. Re7 Be4 27. Rd1 Rad8 28. Bc4 Ne5 29. Bxa6 Rde8 30. Rxe8 Rxe8 31. Rxd6 Ng6 32. Bb5 Rf8 33. Rd7 Rg8 34. Bc4 1-0

[Event "Late-Titled-Tuesday-Blitz-September-12-2023"]
[Site "Chess.com"]
[Date "2023.09.12"]
[Round "4"]
[White "younix2022"]
[Black "MajorCoast"]
[Result "1/2-1/2"]
[WhiteElo "2060"]
[BlackElo "2275"]
[TimeControl "180+1"]
[EndTime "14:37:07 PDT"]
[Termination "Game drawn by repetition"]

1. Nf3 d5 2. d4 Nf6 3. g3 b5 4. Bg2 e6 5. O-O c5 6. dxc5 Bxc5 7. b3 Bb7 8. Bb2 O-O 9. Nbd2 Nbd7 10. c4 bxc4 11.
bxc4 dxc4 12. Nxc4 Rc8 13. Nd6 Bxd6 14. Qxd6 Rc2 15.
Bxf6 Nxf6 16. Qxd8 Rxd8 17. Nd4 Rxd4 18. Bxb7 Rxe2 19.
a4 Rdd2 20. Bf3 Re5 21. a5 Rd3 22. Kg2 g5 23. a6 g4 24. Bb7 Re2 25. Rac1 Ra2 26.
Rc8+ Kg7 27. Ra8 Nd5 28. Bxd5 Rxd5 29. Rxa7 Rda5 30. Re1 Rxa6 31. Rxa6 Rxa6 32. Re4 h5 33. h3 gxh3+ 34. Kxh3 Kg6 35. g4 hxg4+ 36. Rxg4+ Kf5 37.
Rg3 Ra2 38. Rf3+ Kg6 39. Rg3+ Kf6 40. Rf3+ Ke7 41. Kg3 Ra4 42. Re3 Rd4 43. f4 Kf6 44. Kg4 Ra4 45. Re5 Kg6 46. Kf3 Rb4 47. Kg4 Kf6 48. Kf3 Ke7 49. Ra5 Rb7 50. Rc5 f6 51. Kg4 Kf7 52. Ra5 Rc7 53. Rb5 Kg6 54. Ra5 f5+ 55. Kh4 Rc3 56. Re5 Kf6 57. Re1 Rf3 58.
Ra1 Rxf4+ 59. Kg3 Re4 60. Kf3 Rb4 61. Ra6 Rb3+ 62. Kf4 Rb4+ 63. Kf3 Rc4 64. Rb6 Rd4 65. Ra6 Rd5 66. Kf4 Rd4+ 67. Ke3 Re4+ 68. Kf3 Ke5 69. Ra5+ Kd6 70. Ra6+ Ke7 71. Ra7+ Kf8 72. Ra6 Kg7 73. Ra7+ Kg6 74. Ra6 Kg5 75. Rb6 e5 76. Rb5 Rf4+ 77. Ke3 Re4+ 78. Kf3 Re1 79. Kf2 Re4 80. Kf3 1/2-1/2